 Dungeon Crawl Stone Soup version 0.31-a0-188-g5e087ee2ca (webtiles) character file.

Game seed: 3955082188223080806

78 qw the Shooter (level 4, 0/25 HPs)
             Began as a Deep Elf Hunter on June 22, 2023.
             Slain by a goblin
             ... wielding a +0 club
             ... led by Robin
              (5 damage)
             ... on level 2 of the Dungeon.
             The game lasted 00:00:34 (1063 turns).

qw the Shooter (Deep Elf Hunter)                    Turns: 1063, Time: 00:00:35

Health: 0/25       AC:  5    Str: 10    XL:     4   Next: 15%
Magic:  6/6        EV: 11    Int: 14    God:
Gold:   107        SH:  0    Dex: 18    Spells: 3/3 levels left

rFire   . . .        Y - +1 shortbow
rCold   . . .        (shield currently unavailable)
rNeg    . . .        h - +0 ring mail
rPois   .            (no helmet)
rElec   .            (no cloak)
rCorr   .            (no gloves)
SInv    .            (no boots)
Will    .....        (no amulet)
Stlth   +            (no ring)
HPRegen 0.24/turn    (no ring)
MPRegen 0.10/turn

%: no passive effects
@: no status effects
A: no striking features
a: no special abilities


You were on level 2 of the Dungeon.
You visited 1 branch of the dungeon, and saw 2 of its levels.

You collected 107 gold pieces.


   Skills:
 - Level 1.5 Fighting
 + Level 7.6 Ranged Weapons
 - Level 2.4 Dodging
 - Level 1.2 Stealth


You had 3 spell levels left.
You didn't know any spells.
Your spell library was empty.

Inventory:

Hand Weapons
 Y - a +1 shortbow (weapon)
Armour
 h - a +0 ring mail (worn)
Scrolls
 a - a scroll of torment {unknown}
 e - a scroll of identify
Potions
 b - a potion of lignification {unknown}
 c - a potion of brilliance {unknown}
 f - a potion of degeneration {unknown}
 i - a potion of enlightenment {unknown}

Dungeon Overview and Level Annotations

Branches:
Dungeon (2/15)

Altars:

Shops:
D:2 (((

Annotations:
D:2 Robin


Message History

Robin is moderately wounded.
Robin roars a battlecry!
The goblin goes into a battle-frenzy!
You hear a shout!
You shoot an arrow.
The arrow hits Robin but does no damage.
Robin is moderately wounded.
Robin closely misses you.
A hobgoblin comes into view.
You shoot an arrow. The arrow hits Robin.
Robin is heavily wounded.
Robin closely misses you.
A goblin comes into view. It is wielding a +0 dagger.
The goblin hits you with a +0 club.
You shoot an arrow. The arrow closely misses Robin.
Robin roars a battlecry!
The goblins go into a battle-frenzy!
The goblin hits you with a +0 club.
You shoot an arrow. The arrow hits Robin.
Robin is severely wounded.
Robin throws the goblin at you! The goblin hits you with a +0 club.
You shoot an arrow. The arrow hits Robin.
Robin is severely wounded.
Robin barely misses you. The goblin hits you with a +0 club.
You shoot an arrow. The arrow hits Robin.
Robin is severely wounded.
Robin hits you with a +0 dagger. The goblin hits you but does no damage.
The hobgoblin hits you.
You shoot an arrow.
The arrow hits Robin but does no damage.
Robin is severely wounded.
Robin closely misses you. The goblin barely misses you.
The hobgoblin hits you but does no damage.
Robin barely misses you.
The hobgoblin hits you but does no damage.
The goblin hits you with a +0 club.
You shoot an arrow. The arrow closely misses Robin.
Robin hits you with a +0 dagger. The hobgoblin hits you.
The goblin hits you with a +0 club.
You die...

.#.##.###.#####.#
#.#. #. #.# #.#
#.. #. #.# #.# #.#
#.# #.# #.# #.#
#.# #.# #.# #..
#.#####.####.# #.#
### #.$).ggg.....#
#.# #@.# #.# #.g#
#.# #..#######.#
#.>......#.#
##.#####.#.#######
#.# #.#........
#.# #.########.
#.# #.# ######.
#.# #.# #......


You could see Robin, a hobgoblin (strong) and 2 goblins.

Vanquished Creatures
  3 adders (D:2)
  4 endoplasms
  2 giant cockroaches (D:1)
  8 goblins
  3 hobgoblins
  3 quokkas
  8 ball pythons
  6 bats
  2 frilled lizards
  4 kobolds (D:1)
  5 rats
48 creatures vanquished.

Notes
Turn   | Place    | Note
-------+----------+-------------------------------------------
     0 | D:1      | qw the Deep Elf Hunter began the quest for the Orb.
     0 | D:1      | Reached XP level 1. HP: 12/12 MP: 3/3
     0 | D:1      | 0 ||| qw: Version: 0.3-a-9-g12657ce
     0 | D:1      | 0 ||| qw: Game counter: 3008
     0 | D:1      | 0 ||| qw: Always use a shield: true
     0 | D:1      | 0 ||| qw: God list: Okawaru
     0 | D:1      | 0 ||| qw: Allow faded altars: false
     0 | D:1      | 0 ||| qw: Do Orc after D:15 true
     0 | D:1      | 0 ||| qw: Do second Lair branch before Depths: true
     0 | D:1      | 0 ||| qw: Lair rune preference: random
     0 | D:1      | 0 ||| qw: Plans: Normal
     0 | D:1      | 0 ||| PLANNING D:1-11
    72 | D:1      | Reached XP level 2. HP: 15/16 MP: 4/4
    76 | D:1      | Reached skill level 6 in Ranged Weapons
   442 | D:1      | Reached XP level 3. HP: 20/20 MP: 5/5
   464 | D:1      | 464 ||| UPGRADING to +0 ring mail.
   474 | D:1      | 474 ||| DROPPING +0 leather armour.
   475 | D:1      | 475 ||| READING scroll labelled ZOTZU ANAENKOU.
   476 | D:1      | 476 ||| READING 2 scrolls labelled IREIT TESI.
   477 | D:1      | 477 ||| READING scroll labelled IWNOPLO VULU.
   478 | D:1      | 478 ||| DROPPING scroll of butterflies.
   609 | D:2      | Found Yhimun Quda's Weapon Shop.
   612 | D:2      | 612 ||| SHOPLISTING +5 sling of Histrionic Action {flame,
                  | rElec rPois Int+2} (701 gold, have 100).
   638 | D:2      | Reached skill level 7 in Ranged Weapons
   676 | D:2      | Found Qyufaogech's Weapon Boutique.
   685 | D:2      | 685 ||| SHOPLISTING +4 shortbow of Okawaru's Benevolence
                  | {speed, Drain rN+++ rCorr Str-3} (608 gold, have 100).
   727 | D:2      | Found Ampeut's Weapon Boutique.
   727 | D:2      | Noticed a +0 great mace
   729 | D:2      | Noticed a +0 executioner's axe
   735 | D:2      | 735 ||| READING scroll labelled PAFUKY ILIACOS.
   983 | D:2      | Reached XP level 4. HP: 25/25 MP: 6/6
  1049 | D:2      | Noticed Robin
  1063 | D:2      | HP: 6/25 [Robin/+0 dagger (2)]
  1063 | D:2      | Slain by a goblin

Levels and vault maps discovered:
D:1:      dpeg_arrival_simpleton_b, layout_basic, minmay_pentomino_x2
D:2:      layout_loops_ring, serial_shops, nicolae_shop_behind_doors, shop,
          nicolae_shop_mannequins, uniq_robin, uniq_sigmund

Skill      XL: |  1  2  3 |
---------------+----------+-----
Ranged Weapons | 6 7 |  7.6
Fighting       | |  1.5
Dodging        | |  2.4
Stealth        | |  1.2

Action                     |  1- 3 |  4- 6 || total
---------------------------+-------+-------++-------
   Fire: Shortbow          |   121 |    20 ||   141
    Use: Scroll            |     4 |       ||     4
 Armour: Leather armour    |     6 |       ||     6
         Ring mail         |     2 |     3 ||     5
  Dodge: Dodged            |    23 |     7 ||    30

Table legend:
 A = Non-vault XP
 B = Vault XP
 C = Vault XP percentage of total XP
 D = Non-vault monster count
 E = Vault monster count
 F = Vault count percentage of total count
                 A         B        C        D         E       F
            +---------+---------+-------+---------+---------+-------
      Total |     103 |       9 |   8.0 |      43 |       5 |  10.4
            +---------+---------+-------+---------+---------+-------
        D:1 |      39 |       3 |   7.1 |      25 |       2 |   7.4
        D:2 |      64 |       6 |   8.6 |      18 |       3 |  14.3
            +---------+---------+-------+---------+---------+-------
